[Event "December 19 Early 2023"]
[Site "https://www.chess.com"]
[Date "2023.12.19"]
[Round "3"]
[White "Toman, Ondrej"]
[Black "Limontaite, Simona"]
[Result "1-0"]
[Board "154"]
[TimeControl "180+1"]
[WhiteFideId "344516"]
[BlackFideId "12802506"]
[WhiteElo "2157"]
[BlackElo "2092"]
[WhiteTeam "CZE"]
[BlackTeam "LTU"]
[WhiteClock "0:00:38"]
[BlackClock "0:00:00"]

1. d4 Nf6 2. Bg5 e6 3. Nd2 d5 4. e3 Be7 5. Bd3 O-O 6. f4 Nbd7 7. Ngf3 b6 8. O-O Bb7 9. Ne5 Ne4 10. Bxe7 Qxe7 11. Bxe4 dxe4 12. c4 f6 13. Nxd7 Qxd7 14. Qc2 f5 15. Rfd1 Qe7 16. Qc3 g5 17. Rf1 Qg7 18. c5 Bd5 19. b4 gxf4 20. Rxf4 a5 21. a3 axb4 22. axb4 Rxa1+ 23. Qxa1 Ra8 24. Qc3 b5 25. Rf1 Qg4 26. Qc1 Ra2 27. Qd1 Qg5 28. Qe1 h5 29. Kh1 Kh7 30. Rf2 Kh6 31. Nf1 Ra3 32. Rf4 Qg6 33. Kg1 Bc4 34. Ng3 Ra2 35. Rh4 Kg7 36. Nxh5+ Kf7 37. Nf4 Qg5 38. Rh7+ Ke8 39. h4 Qg4 40. h5 Bd3 41. h6 Rb2 42. Rg7 1-0

[Event "December 19 Early 2023"]
[Site "https://www.chess.com"]
[Date "2023.12.19"]
[Round "3"]
[White "Nanu, Costica-Ciprian"]
[Black "Guimaraes, Wagner Peixoto"]
[Result "1/2-1/2"]
[Board "155"]
[TimeControl "180+1"]
[WhiteFideId "1204580"]
[BlackFideId "2100940"]
[WhiteElo "2485"]
[BlackElo "2140"]
[WhiteTeam "ROU"]
[BlackTeam "BRA"]
[WhiteClock "0:00:55"]
[BlackClock "0:00:28"]

1. a3 g6 2. c4 Bg7 3. Nc3 Nf6 4. g3 O-O 5. Bg2 c5 6. d3 Nc6 7. e3 d6 8. Nge2 Rb8 9. h4 Bd7 10. Nf4 h5 11. Nfd5 Nxd5 12. Nxd5 e6 13. Nc3 a6 14. Bd2 b5 15. b3 Ne5 16. Qc2 b4 17. axb4 cxb4 18. Ne4 Nxd3+ 19. Qxd3 Bxa1 20. Nxd6 Bc3 21. Bxc3 bxc3 22. Qxc3 Bc6 23. Ne4 Bxe4 24. Bxe4 Qb6 25. O-O Qxb3 26. Qf6 Qb2 27. Qg5 Rbc8 28. c5 Kg7 29. c6 Qf6 30. Qc5 Rc7 31. Qb6 Rfc8 32. Qxa6 Qc3 33. Rd1 Rxc6 34. Bxc6 Qxc6 35. Qa1+ Qc3 36. Qa6 Qc6 37. Qa3 Qc3 38. Qd6 Qc5 39. Qd3 Qc4 40. Qd2 Qc3 41. Qd6 Qc6 42. Qf4 Qc2 43. Qe5+ Kg8 44. Rd7 Qc1+ 45. Kh2 Rf8 46. Qf4 Qc6 47. Rc7 Qd5 48. Ra7 Qd2 49. g4 hxg4 50. h5 Qd5 51. hxg6 Qh5+ 52. Kg2 Qxg6 53. Ra5 f6 54. Qc4 Re8 55. Ra6 Qf5 56. Ra7 Qf3+ 57. Kg1 g3 58. Qf4 gxf2+ 59. Kf1 Qxf4 60. exf4 e5 61. fxe5 Rxe5 62. Kxf2 Kf8 63. Kf3 Re7 64. Rxe7 Kxe7 65. Kf4 Ke6 66. Ke4 f5+ 67. Kf4 Kf6 68. Kf3 Ke5 69. Ke3 f4+ 70. Kf3 Kf5 71. Kf2 Ke4 72. Ke2 f3+ 73. Kf2 Kf4 74. Kf1 Ke3 75. Ke1 f2+ 76. Kf1 Kf3 1/2-1/2

[Event "December 19 Early 2023"]
[Site "https://www.chess.com"]
[Date "2023.12.19"]
[Round "3"]
[White "Han, Yichen"]
[Black "Sarkar, Justin"]
[Result "1-0"]
[Board "156"]
[TimeControl "180+1"]
[WhiteFideId "1054430"]
[BlackFideId "2010011"]
[WhiteElo "2305"]
[BlackElo "2138"]
[WhiteTeam "NED"]
[BlackTeam "USA"]
[WhiteClock "0:01:18"]
[BlackClock "0:00:13"]

1. e4 e5 2. Nf3 Nc6 3. Nc3 a6 4. d4 exd4 5. Nxd4 Bc5 6. Nf5 g6 7. Be3 Bxe3 8. Nxe3 Nf6 9. Bd3 O-O 10. O-O d6 11. Qd2 Ne5 12. Be2 b5 13. f4 b4 14. Ncd5 Nxe4 15. Qxb4 1-0

[Event "December 19 Early 2023"]
[Site "https://www.chess.com"]
[Date "2023.12.19"]
[Round "3"]
[White "Petrukhina, Olga"]
[Black "Ismagilov, Damir"]
[Result "0-1"]
[Board "157"]
[TimeControl "180+1"]
[WhiteFideId "13703935"]
[BlackFideId "34199982"]
[WhiteElo "1991"]
[BlackElo "2131"]
[WhiteTeam "KAZ"]
[BlackTeam "RUS"]
[WhiteClock "0:00:00"]
[BlackClock "0:00:04"]

1. d4 f5 2. Bg5 g6 3. Nc3 Bg7 4. e3 Nf6 5. Bc4 e6 6. Nf3 d6 7. h4 h6 8. Bf4 O-O 9. Qe2 Qe8 10. Bh2 Nc6 11. O-O-O Na5 12. Bb5 Bd7 13. Bxd7 Qxd7 14. e4 Ng4 15. exf5 exf5 16. Bf4 Rae8 17. Qd2 Nc4 18. Qd3 b5 19. Rhf1 a6 20. Nd2 Nb6 21. f3 Nf6 22. Nb3 b4 23. Nb1 Nfd5 24. Bd2 a5 25. Rde1 a4 26. Na5 c5 27. Nc4 Kh8 28. Nxb6 Nxb6 29. dxc5 dxc5 30. Qxd7 Nxd7 31. Be3 Kh7 32. Nd2 a3 33. Nc4 axb2+ 34. Nxb2 Ra8 35. Kb1 Rfe8 36. Nd3 Bc3 37. Re2 c4 38. Nc1 Nc5 39. Rff2 Na4 40. Bd2 Bg7 0-1

[Event "December 19 Early 2023"]
[Site "https://www.chess.com"]
[Date "2023.12.19"]
[Round "3"]
[White "Koutlas, Nikolaos"]
[Black "San Thit Lwin"]
[Result "1-0"]
[Board "158"]
[TimeControl "180+1"]
[WhiteFideId "25827138"]
[BlackFideId "13001272"]
[WhiteElo "2215"]
[BlackElo "2232"]
[WhiteTeam "GRE"]
[BlackTeam "MYA"]
[WhiteClock "0:00:09"]
[BlackClock "0:00:02"]

1. Nf3 Nf6 2. g3 d5 3. Bg2 Bf5 4. d3 e6 5. O-O Be7 6. Nbd2 O-O 7. b3 Nbd7 8. Bb2 c5 9. Qe1 h6 10. e4 dxe4 11. dxe4 Bh7 12. Rd1 Qc7 13. e5 Nd5 14. Ne4 Nb4 15. Qe2 Rfd8 16. a3 Nc6 17. Nd6 Ndxe5 18. Nxb7 Nxf3+ 19. Qxf3 Rxd1 20. Rxd1 Nd4 21. Bxd4 cxd4 22. Rxd4 Qxc2 23. b4 Rc8 24. Nd6 Qb1+ 25. Bf1 Bxd6 26. Rxd6 Bg6 27. Rd1 Rc1 28. Rxc1 Qxc1 29. h4 Kh7 30. h5 Bf5 31. g4 Bc2 32. Kg2 Qg5 33. Bd3+ Bxd3 34. Qxd3+ f5 35. f3 g6 36. Qd7+ Kh8 37. Qe8+ Kg7 38. Qxg6+ Qxg6 39. hxg6 fxg4 40. a4 Kxg6 41. b5 gxf3+ 42. Kxf3 Kf7 43. a5 Ke7 44. b6 axb6 45. a6 b5 46. a7 b4 47. a8=Q b3 48. Qb7+ Kf6 49. Qxb3 e5 50. Qe3 e4+ 51. Qxe4 1-0

[Event "December 19 Early 2023"]
[Site "https://www.chess.com"]
[Date "2023.12.19"]
[Round "3"]
[White "Shaik Sumer Arsh"]
[Black "Blokhin, Sofia"]
[Result "1-0"]
[Board "159"]
[TimeControl "180+1"]
[WhiteFideId "45020000"]
[BlackFideId "4508190"]
[WhiteElo "2358"]
[BlackElo "1916"]
[WhiteTeam "IND"]
[BlackTeam "EST"]
[WhiteClock "0:01:16"]
[BlackClock "0:00:01"]

1. d4 f5 2. c4 Nf6 3. Nf3 g6 4. g3 Bg7 5. Bg2 O-O 6. O-O d6 7. b3 Nc6 8. Nc3 Ne4 9. Bb2 e6 10. Rc1 g5 11. e3 h6 12. d5 Nb4 13. a3 Na2 14. Nxa2 Bxb2 15. dxe6 Bxc1 16. Qxc1 c5 17. Nc3 Nxc3 18. Qxc3 Bxe6 19. Rd1 Qe7 20. h4 Rad8 21. hxg5 hxg5 22. Qd2 Bf7 23. e4 Bh5 24. Qd5+ Qf7 25. Nxg5 Qxd5 26. Rxd5 Rde8 27. Rxd6 fxe4 28. Bxe4 Re5 29. f4 Rxg5 30. fxg5 Bf3 31. Bg6 Bc6 32. Rf6 Rd8 33. b4 Rd1+ 34. Kf2 Rd2+ 35. Ke3 Ra2 36. b5 Rxa3+ 37. Kf4 Bg2 38. Kg4 Rc3 39. Rf4 Bh1 40. Kh5 a6 41. bxa6 bxa6 42. Kh6 Rxg3 43. Bh7+ Kh8 44. Rf8# 1-0

[Event "December 19 Early 2023"]
[Site "https://www.chess.com"]
[Date "2023.12.19"]
[Round "3"]
[White "Barwinska, Ewa"]
[Black "Deng, Henry"]
[Result "0-1"]
[Board "160"]
[TimeControl "180+1"]
[WhiteFideId "21833761"]
[BlackFideId "30965454"]
[WhiteElo "1879"]
[BlackElo "2562"]
[WhiteTeam "POL"]
[BlackTeam "USA"]
[WhiteClock "0:00:12"]
[BlackClock "0:00:24"]

1. Nf3 d5 2. g3 Bf5 3. Bg2 h6 4. d3 e6 5. Nbd2 Nf6 6. O-O Bh7 7. Re1 c6 8. e4 dxe4 9. dxe4 Nxe4 10. Ne5 Nxd2 11. Bxd2 Nd7 12. Ba5 Qc8 13. Nc4 Nf6 14. Bc3 Be7 15. Bxf6 gxf6 16. Nd6+ Bxd6 17. Qxd6 Qd7 18. Qf4 Qe7 19. Qxh6 O-O-O 20. Qe3 Kb8 21. c3 Rd3 22. Qf4+ e5 23. a4 Bg6 24. a5 a6 25. Qa4 Rhd8 26. b4 Rxc3 27. Rac1 Rxc1 28. Rxc1 Rd4 29. Bxc6 Qxb4 30. Qxb4 Rxb4 31. Bg2 Rb1 32. Rxb1 Bxb1 33. Bd5 Bg6 34. Kf1 Kc7 35. Ke2 b6 36. axb6+ Kxb6 37. f4 a5 38. g4 Kc5 39. Ba2 exf4 40. Kf3 Kb4 41. h4 a4 42. h5 Bc2 43. Bxf7 a3 44. Ba2 Bb3 45. Bb1 Kc3 46. Kxf4 Kb2 47. Bf5 a2 48. h6 Bg8 49. h7 Bxh7 50. Bxh7 a1=Q 51. Kf5 Kc1 52. Kg6 Qe5 53. Kf7 Qg5 54. Bf5 Kd2 55. Ke6 Ke3 56. Kf7 Kf4 57. Ke6 Qg7 58. Kd5 Kg5 59. Ke6 Qc7 60. Kd5 Qe5+ 61. Kc4 Qxf5 62. gxf5 Kxf5 63. Kd3 Kf4 64. Ke2 Ke4 65. Kf2 Kf4 66. Ke2 Kg3 67. Kf1 Kf3 68. Kg1 f5 69. Kf1 f4 70. Kg1 Ke2 71. Kg2 f3+ 0-1

[Event "December 19 Early 2023"]
[Site "https://www.chess.com"]
[Date "2023.12.19"]
[Round "3"]
[White "Golubenko, Valentina"]
[Black "Tifferet, Shakked"]
[Result "0-1"]
[Board "161"]
[TimeControl "180+1"]
[WhiteFideId "4501993"]
[BlackFideId "2811529"]
[WhiteElo "2126"]
[BlackElo "2142"]
[WhiteTeam "CRO"]
[BlackTeam "ISR"]
[WhiteClock "0:00:13"]
[BlackClock "0:00:11"]

1. d4 e6 2. g3 Nf6 3. Bg2 c5 4. Nf3 cxd4 5. Nxd4 Nc6 6. Nxc6 dxc6 7. O-O Qxd1 8. Rxd1 Bc5 9. Nc3 O-O 10. Bg5 Ng4 11. Ne4 Bb6 12. h3 f5 13. Be7 Rf7 14. Bc5 fxe4 15. Bxb6 axb6 16. hxg4 e5 17. Bxe4 Bxg4 18. Bd3 Be6 19. Be4 g6 20. b3 b5 21. Rd6 Re7 22. a4 bxa4 23. Rxa4 Rxa4 24. bxa4 Kf7 25. a5 Rd7 26. Rxd7+ Bxd7 27. Bd3 Bc8 28. Kg2 Ke6 29. Bc4+ Kd6 30. Bg8 h6 31. Bf7 g5 32. Kf3 Bf5 33. Bb3 Kc5 34. e4 Bd7 35. Ke3 Kb4 36. f4 gxf4+ 37. gxf4 exf4+ 38. Kxf4 Kxa5 39. e5 c5 40. e6 Be8 41. Ke5 b5 42. Bd5 Kb4 43. Kd6 Kc3 44. Be4 c4 45. e7 b4 46. Kc7 h5 47. Kd8 Ba4 48. e8=Q Bxe8 49. Kxe8 b3 50. cxb3 cxb3 51. Kf7 h4 52. Kf6 h3 53. Kf5 h2 54. Kf4 b2 55. Kg3 h1=Q 56. Bxh1 b1=Q 57. Bf3 Qc1 58. Kf2 Qd2+ 59. Kg3 Kd4 60. Kg4 Qe3 61. Kg3 Ke5 62. Kg4 Qf4+ 63. Kh3 Qxf3+ 0-1

[Event "December 19 Early 2023"]
[Site "https://www.chess.com"]
[Date "2023.12.19"]
[Round "3"]
[White "Tulchynskyi, Feliks"]
[Black "Liu, Kelsey"]
[Result "1-0"]
[Board "162"]
[TimeControl "180+1"]
[WhiteFideId "34127895"]
[BlackFideId "30944481"]
[WhiteElo "2131"]
[BlackElo "2267"]
[WhiteTeam "UKR"]
[BlackTeam "USA"]
[WhiteClock "0:00:26"]
[BlackClock "0:00:05"]

1. c4 Nf6 2. Nc3 e6 3. e4 d5 4. e5 Nfd7 5. d4 dxc4 6. Bxc4 c5 7. Nf3 Nc6 8. Qe2 cxd4 9. Nb5 a6 10. Nd6+ Bxd6 11. exd6 O-O 12. O-O Nb6 13. Bf4 Re8 14. Bd3 Nd5 15. Bg3 e5 16. Bxe5 Nxe5 17. Nxe5 Qxd6 18. f4 Nxf4 19. Rxf4 Qxe5 20. Re4 Qxe4 21. Bxe4 Bf5 22. Rd1 Rxe4 23. Qf2 Bg6 24. Rxd4 Rae8 25. Rxe4 Rxe4 26. h3 h6 27. Kh2 Kh7 28. Qb6 Re7 29. Qb4 Bf5 30. Qxe7 1-0

[Event "December 19 Early 2023"]
[Site "https://www.chess.com"]
[Date "2023.12.19"]
[Round "3"]
[White "Shuvalov, Evgenij"]
[Black "Fernandez Siles, Luis"]
[Result "1-0"]
[Board "163"]
[TimeControl "180+1"]
[WhiteFideId "4187237"]
[BlackFideId "2209420"]
[WhiteElo "2084"]
[BlackElo "2195"]
[WhiteTeam "FID"]
[BlackTeam "ESP"]
[WhiteClock "0:00:34"]
[BlackClock "0:00:48"]

1. d4 Nf6 2. c4 g6 3. Nc3 d5 4. cxd5 Nxd5 5. e4 Nxc3 6. bxc3 Bg7 7. Qa4+ c6 8. Nf3 O-O 9. Be2 b5 10. Qa3 Nd7 11. O-O Bb7 12. Bg5 Re8 13. Rad1 h6 14. Be3 Qc7 15. e5 Nf8 16. Nd2 a6 17. Ne4 Ne6 18. Nc5 Nxc5 19. Qxc5 Rad8 20. f4 Qa5 21. f5 Qxa2 22. Rd2 Qd5 23. Qa7 Qe4 24. Rf3 Bc8 25. Bd3 Qd5 26. fxg6 fxg6 27. Bxg6 Rf8 28. Rdf2 Bg4 29. Bf7+ Rxf7 30. Rxf7 Bf8 31. h3 Be6 32. R7f3 Qe4 33. Qc7 Bd5 34. Qxd8 1-0

[Event "December 19 Early 2023"]
[Site "https://www.chess.com"]
[Date "2023.12.19"]
[Round "3"]
[White "Vakhidov, Shahzod"]
[Black "Zainullina, Nataliya"]
[Result "1-0"]
[Board "164"]
[TimeControl "180+1"]
[WhiteFideId "14205270"]
[BlackFideId "4145488"]
[WhiteElo "2212"]
[BlackElo "2249"]
[WhiteTeam "UZB"]
[BlackTeam "RUS"]
[WhiteClock "0:00:06"]
[BlackClock "0:00:00"]

1. d4 Nf6 2. Nf3 e6 3. g3 b6 4. Bg2 Bb7 5. O-O Be7 6. c4 O-O 7. d5 exd5 8. Nh4 c5 9. cxd5 d6 10. Nc3 Re8 11. Nf5 Bf8 12. e4 h6 13. a4 a6 14. Bf4 Kh7 15. Re1 g6 16. Nxd6 Bxd6 17. e5 g5 18. exf6 gxf4 19. Be4+ Kh8 20. Bc2 Rxe1+ 21. Qxe1 Nd7 22. Ne4 Nxf6 23. Qc3 Kg7 24. gxf4 Bxd5 25. Rd1 Bxe4 26. Bxe4 Ra7 27. Qg3+ Kh8 28. Qh4 Kg7 29. Kh1 Kf8 30. Qxh6+ Ke7 31. Bc6 Qf8 32. Re1+ Kd8 33. Qxf6+ Be7 34. Rd1+ Kc7 35. Rd7+ Kb8 36. Qe5+ 1-0

[Event "December 19 Early 2023"]
[Site "https://www.chess.com"]
[Date "2023.12.19"]
[Round "3"]
[White "Liang, Justin"]
[Black "Rose, Felix"]
[Result "0-1"]
[Board "165"]
[TimeControl "180+1"]
[WhiteFideId "2099942"]
[BlackFideId "5105722"]
[WhiteElo "2548"]
[BlackElo "2039"]
[WhiteTeam "USA"]
[BlackTeam "MEX"]
[WhiteClock "0:00:00"]
[BlackClock "0:00:11"]

1. e4 e5 2. Nf3 Nc6 3. Bb5 a6 4. Ba4 Nf6 5. O-O Be7 6. Qe2 b5 7. Bb3 O-O 8. d3 h6 9. Re1 Re8 10. Nc3 d6 11. a4 b4 12. Nd5 Nxd5 13. Bxd5 Bb7 14. a5 Nd4 15. Nxd4 Bxd5 16. exd5 exd4 17. Qg4 Qc8 18. Qxd4 Bf6 19. Rxe8+ Qxe8 20. Qe3 Qb5 21. Qf3 Re8 22. Kf1 Re5 23. Bd2 Rxd5 24. Bxb4 Bxb2 25. Rb1 Bc3 26. Rb3 Bxb4 27. c4 Qa4 28. Rb1 Re5 29. Qa8+ Kh7 30. Qb7 Bc5 31. g3 Qc2 32. Qb2 Qxd3+ 33. Kg2 Re2 0-1

[Event "December 19 Early 2023"]
[Site "https://www.chess.com"]
[Date "2023.12.19"]
[Round "3"]
[White "Kiseleva, Arina"]
[Black "Estrada Nieto, Julian"]
[Result "0-1"]
[Board "166"]
[TimeControl "180+1"]
[WhiteFideId "4164989"]
[BlackFideId "5101018"]
[WhiteElo "1740"]
[BlackElo "2161"]
[WhiteTeam "RUS"]
[BlackTeam "ESP"]
[WhiteClock "0:00:00"]
[BlackClock "0:00:32"]

1. d4 d5 2. Nf3 Nf6 3. e3 e6 4. Bd3 c5 5. O-O Nc6 6. b3 Bd6 7. Bb2 O-O 8. Nbd2 b6 9. Ne5 Bb7 10. f4 Ne7 11. dxc5 Bxc5 12. Rf3 Ne4 13. Rh3 Nf5 14. Nf1 d4 15. Qh5 h6 16. Ng4 Nf6 17. Nxf6+ Qxf6 18. e4 Ne3 19. e5 Qxf4 20. Bc1 Qg4 21. Nxe3 Qxh5 22. Rxh5 dxe3 23. b4 e2+ 24. Be3 Bxe3+ 25. Kh1 Rad8 26. Bxe2 Rd2 27. Bf3 Bxf3 28. gxf3 Bf4 29. c4 Rfd8 30. Rh4 Bxe5 31. Re4 Bxa1 0-1

[Event "December 19 Early 2023"]
[Site "https://www.chess.com"]
[Date "2023.12.19"]
[Round "3"]
[White "Pak, Yevgeniy"]
[Black "Korchynskyi, Mykola"]
[Result "1-0"]
[Board "167"]
[TimeControl "180+1"]
[WhiteFideId "14201712"]
[BlackFideId "34138005"]
[WhiteElo "2320"]
[BlackElo "2007"]
[WhiteTeam "KAZ"]
[BlackTeam "UKR"]
[WhiteClock "0:00:31"]
[BlackClock "0:00:26"]

1. e4 e6 2. d4 d5 3. Nc3 Bb4 4. e5 c5 5. a3 Bxc3+ 6. bxc3 Ne7 7. Qg4 Qc7 8. Qxg7 Rg8 9. Qxh7 cxd4 10. Ne2 Nbc6 11. f4 dxc3 12. h4 Bd7 13. Qd3 d4 14. h5 O-O-O 15. h6 Rh8 16. Rb1 Kb8 17. g4 Nd5 18. Nxd4 Nxd4 19. Qxd4 Bc6 20. Rh3 Nf6 21. Qg1 Ne4 22. Bd3 Rd7 23. Qe3 f5 24. exf6 Nxf6 25. g5 Nd5 26. Qe5 Qxe5+ 27. fxe5 Ne7 28. g6 Nf5 29. g7 Nxg7 30. hxg7 Rg8 31. Bh6 Rd5 32. Kf2 Rxe5 33. Bf4 Kc8 34. Bxe5 Rxg7 35. Bxg7 1-0

[Event "December 19 Early 2023"]
[Site "https://www.chess.com"]
[Date "2023.12.19"]
[Round "3"]
[White "Khouri, Ahmed Abbas"]
[Black "Hirneise, Jens"]
[Result "0-1"]
[Board "168"]
[TimeControl "180+1"]
[WhiteFideId "9301518"]
[BlackFideId "24614734"]
[WhiteElo "1863"]
[BlackElo "2311"]
[WhiteTeam "UAE"]
[BlackTeam "GER"]
[WhiteClock "0:00:00"]
[BlackClock "0:00:09"]

1. e4 d5 2. exd5 Nf6 3. d4 Bg4 4. Qd3 Qxd5 5. c4 Qd8 6. Nc3 e6 7. Nf3 Bb4 8. Ne5 Bf5 9. Qe3 O-O 10. g4 Nxg4 11. Nxg4 Bxg4 12. Bd3 Bf5 13. Bd2 Nc6 14. a3 Bxd3 15. Qxd3 Qxd4 16. Qxd4 Nxd4 17. axb4 Nc2+ 18. Ke2 Nxa1 19. Rxa1 a6 20. Be3 Rfd8 21. Rd1 Rxd1 22. Kxd1 f6 23. Ke2 Kf7 24. Ne4 b6 25. c5 bxc5 26. bxc5 a5 27. Kd3 a4 28. Kc4 c6 29. Nd6+ Ke7 30. Bd2 a3 31. bxa3 Rxa3 32. Nc8+ Kd7 33. Nb6+ Ke8 34. Be3 g5 35. Kd4 Ra1 36. Ke4 Rh1 37. Bd4 Rxh2 38. Bxf6 g4 39. Bd4 h5 40. Kf4 Rg2 41. Kg5 Rh2 42. Kf6 h4 43. Kxe6 Rg2 44. Nd7 h3 45. Nf6+ Kd8 46. Be5 g3 47. Ne4 gxf2 0-1

[Event "December 19 Early 2023"]
[Site "https://www.chess.com"]
[Date "2023.12.19"]
[Round "3"]
[White "Demina, Marya"]
[Black "Aaron, Deepak"]
[Result "0-1"]
[Board "169"]
[TimeControl "180+1"]
[WhiteFideId "4195671"]
[BlackFideId "2009412"]
[WhiteElo "1978"]
[BlackElo "2257"]
[WhiteTeam "RUS"]
[BlackTeam "USA"]
[WhiteClock "0:00:00"]
[BlackClock "0:00:05"]

1. d4 e6 2. Nf3 f5 3. g3 Nf6 4. Bg2 d5 5. O-O c6 6. c4 Bd6 7. b3 Qe7 8. a4 O-O 9. Ba3 Bxa3 10. Nxa3 b6 11. Ne5 a5 12. e3 Nfd7 13. Nd3 Ba6 14. Qd2 Nf6 15. Ne5 Rc8 16. Rfc1 Ne4 17. Bxe4 fxe4 18. f4 Nd7 19. Nxd7 Qxd7 20. b4 axb4 21. Qxb4 c5 22. Qxb6 Rc6 23. Qb3 cxd4 24. cxd5 Qxd5 25. Qxd5 Rxc1+ 26. Rxc1 exd5 27. exd4 Bd3 28. Nb5 Rxa4 29. Nd6 h6 30. Nf5 Kf7 31. Rc7+ Kf6 32. Nxg7 Ra1+ 33. Kg2 Ra2+ 34. Kg1 e3 35. Ne8+ Ke6 36. Ng7+ Kd6 37. Rc1 Be4 38. Re1 Rg2+ 39. Kf1 Rf2+ 40. Kg1 Rg2+ 41. Kf1 Rxh2 42. Rxe3 Rd2 43. Nh5 Ke6 44. Ng7+ Kf6 45. Ne8+ Ke7 46. Nc7 Rxd4 47. Nb5 Rc4 48. g4 Kf6 49. Kf2 Rc2+ 50. Kg3 Rg2+ 51. Kh4 Rh2+ 52. Kg3 Rd2 53. Kh4 Kg6 54. Nd6 Bh1 55. f5+ Kg7 56. Re6 Rh2+ 57. Kg3 Rg2+ 58. Kf4 Rf2+ 59. Kg3 Rf3+ 60. Kh4 Rf1 61. Rg6+ Kf8 62. Rxh6 d4 63. Rh8+ Ke7 64. Rh7+ Kxd6 65. Kg5 d3 66. Rh6+ Kd5 67. f6 d2 68. f7 d1=Q 69. Rxh1 Qd2+ 70. Kg6 Qd3+ 71. Kg7 Qd4+ 72. Kg8 Qxg4+ 73. Kf8 Rxh1 74. Ke7 Re1+ 75. Kd8 Qg5+ 0-1

[Event "December 19 Early 2023"]
[Site "https://www.chess.com"]
[Date "2023.12.19"]
[Round "3"]
[White "Goltseva, Ekaterina"]
[Black "Piddubna, Bozhena"]
[Result "0-1"]
[Board "170"]
[TimeControl "180+1"]
[WhiteFideId "24173770"]
[BlackFideId "34109293"]
[WhiteElo "2139"]
[BlackElo "1874"]
[WhiteTeam "RUS"]
[BlackTeam "UKR"]
[WhiteClock "0:00:00"]
[BlackClock "0:00:11"]

1. c4 Nf6 2. Nc3 e6 3. Nf3 b6 4. g3 Bb7 5. Bg2 Be7 6. O-O O-O 7. Re1 Ne4 8. Nxe4 Bxe4 9. d3 Bb7 10. e4 d5 11. exd5 exd5 12. Nd4 Bf6 13. Nf5 Nd7 14. cxd5 Ne5 15. d4 Ng6 16. Qf3 Qd7 17. h4 Rad8 18. h5 Bxd5 19. Qxd5 Qxd5 20. Bxd5 Rxd5 21. hxg6 Rxf5 22. gxh7+ Kxh7 23. Be3 Rd8 24. Rac1 Rd7 25. Rc4 b5 26. Rc6 Bxd4 27. Rd1 Rfd5 28. Rxd4 Rxd4 29. Bxd4 Rxd4 30. Rxc7 Ra4 31. a3 Kg6 32. Rb7 a6 33. Rb6+ f6 34. Kg2 Kf5 35. Rb7 g5 36. Kf3 Ke5 37. Rb6 Kf5 38. Ke3 Re4+ 39. Kd3 Re6 40. Rb7 Rd6+ 41. Kc3 Ke4 42. Kb4 Kf3 0-1

[Event "December 19 Early 2023"]
[Site "https://www.chess.com"]
[Date "2023.12.19"]
[Round "3"]
[White "Quirke, Jeffrey"]
[Black "Waldhausen Gordon, Frederick"]
[Result "0-1"]
[Board "171"]
[TimeControl "180+1"]
[WhiteFideId "2013029"]
[BlackFideId "2409143"]
[WhiteElo "2157"]
[BlackElo "2286"]
[WhiteTeam "USA"]
[BlackTeam "SCO"]
[WhiteClock "0:00:00"]
[BlackClock "0:01:06"]

1. e4 e5 2. Nf3 Nc6 3. d3 Nf6 4. c3 d5 5. Nbd2 Be7 6. Be2 O-O 7. b4 a6 8. O-O h6 9. a4 Be6 10. Bb2 dxe4 11. dxe4 Bd6 12. Qc2 Nd7 13. a5 Ne7 14. Bc4 Bxc4 15. Nxc4 Nc8 16. Ne3 g6 17. Rad1 Kg7 18. Qd2 b6 19. Ng4 Rh8 20. Ngxe5 Nxe5 21. Nxe5 bxa5 22. bxa5 Qh4 23. c4 f6 24. Nf3 Qxe4 25. Rfe1 Qxc4 26. Rc1 Qf7 27. Qd4 Na7 28. h4 Nb5 29. Qd3 Rad8 30. Qb1 Bf4 31. Rcd1 Rxd1 32. Rxd1 Re8 33. h5 g5 34. g3 Bd6 35. Qd3 Qxh5 36. Bxf6+ Kxf6 0-1

[Event "December 19 Early 2023"]
[Site "https://www.chess.com"]
[Date "2023.12.19"]
[Round "3"]
[White "Davidson, Kevin"]
[Black "Feliz Dotel, Dewar Bienvenido"]
[Result "1-0"]
[Board "172"]
[TimeControl "180+1"]
[WhiteFideId "2056810"]
[BlackFideId "6402801"]
[WhiteElo "2151"]
[BlackElo "2069"]
[WhiteTeam "USA"]
[BlackTeam "DOM"]
[WhiteClock "0:00:10"]
[BlackClock "0:00:00"]

1. e4 c5 2. Nf3 Nc6 3. d4 cxd4 4. Nxd4 g6 5. Be3 Bg7 6. c4 Nf6 7. Nc3 O-O 8. Be2 d6 9. f3 a6 10. O-O Qc7 11. Rc1 Qa5 12. Nb3 Qc7 13. Nd5 Qd8 14. Bb6 Qd7 15. Qd2 Nxd5 16. cxd5 Ne5 17. h3 Qe8 18. Rc7 f5 19. exf5 Rxf5 20. Nd4 Rf8 21. Ne6 Rf7 22. Nxg7 Rxg7 23. Bd4 Qd8 24. Rfc1 Rf7 25. Qh6 Nd7 26. R7c3 Nf6 27. Bc4 b5 28. Bb3 Bb7 29. Qg5 Qf8 30. Rc7 Bc8 31. h4 Nh5 32. Re1 a5 33. Rexe7 1-0

[Event "December 19 Early 2023"]
[Site "https://www.chess.com"]
[Date "2023.12.19"]
[Round "3"]
[White "Sanchez Alvares, Kelvin Antonio"]
[Black "Sevostianov, Vladimir"]
[Result "1-0"]
[Board "173"]
[TimeControl "180+1"]
[WhiteFideId "3906680"]
[BlackFideId "4144163"]
[WhiteElo "2217"]
[BlackElo "2150"]
[WhiteTeam "VEN"]
[BlackTeam "RUS"]
[WhiteClock "0:00:05"]
[BlackClock "0:00:30"]

1. e4 c5 2. Nf3 Nc6 3. d4 cxd4 4. Nxd4 Nf6 5. Nc3 e5 6. Ndb5 d6 7. Bg5 a6 8. Na3 b5 9. Nd5 Be7 10. Bxf6 Bxf6 11. c4 b4 12. Nc2 Rb8 13. b3 O-O 14. g3 a5 15. Bg2 Be6 16. O-O Bxd5 17. Qxd5 Nd4 18. Nxd4 exd4 19. f4 Qc7 20. Rfe1 Rfe8 21. Rac1 Rbc8 22. Bh3 Rcd8 23. Bf1 g6 24. Bd3 Bg7 25. c5 dxc5 26. Qxc5 Qxc5 27. Rxc5 Ra8 28. e5 Rec8 29. Rd5 Rd8 30. Rc5 Bf8 31. Rc7 a4 32. Bc4 d3 33. Rxf7 Kh8 34. Rd1 d2 35. Kf2 axb3 36. axb3 Bc5+ 37. Ke2 Ra2 38. e6 Re8 39. Rxd2 Rxd2+ 40. Kxd2 Bg1 41. h3 Bh2 42. g4 h5 43. f5 hxg4 44. hxg4 gxf5 45. gxf5 Be5 46. Ke3 Bc3 47. Ke4 Rd8 48. f6 Kg8 49. Kf5 Rf8 50. Rg7+ Kh8 51. Rg6 Kh7 52. e7 Re8 53. Rg7+ Kh6 54. Rf7 Bd4 55. Rf8 Rxe7 56. fxe7 Bg7 57. e8=Q Bxf8 58. Qxf8+ Kh7 59. Qg8+ Kh6 60. Qg6# 1-0

[Event "December 19 Early 2023"]
[Site "https://www.chess.com"]
[Date "2023.12.19"]
[Round "3"]
[White "Yushko, Olga"]
[Black "Martinez Reyes, Pedro Ramon"]
[Result "0-1"]
[Board "174"]
[TimeControl "180+1"]
[WhiteFideId "14114500"]
[BlackFideId "3901807"]
[WhiteElo "1891"]
[BlackElo "2327"]
[WhiteTeam "UKR"]
[BlackTeam "VEN"]
[WhiteClock "0:00:08"]
[BlackClock "0:02:13"]

1. d4 Nf6 2. c4 d6 3. Nc3 Nbd7 4. Nf3 e5 5. Bg5 Be7 6. e3 O-O 7. Bd3 h6 8. Bh4 c6 9. O-O Re8 10. Qc2 Bf8 11. dxe5 dxe5 12. Rfd1 Qc7 13. Bg3 Nc5 14. Be2 a5 15. Rd2 g6 16. Rad1 Bf5 17. Qc1 Nfe4 18. Nxe4 Nxe4 19. Nxe5 Nxg3 20. hxg3 Qxe5 21. a3 Qe7 22. c5 Rad8 23. g4 Be6 24. b4 axb4 25. axb4 Rxd2 26. Qxd2 Bg7 27. Qc2 Rd8 28. Rc1 Qf6 29. b5 Qb2 30. Qxb2 Bxb2 31. Rb1 Ba3 32. bxc6 bxc6 33. Rb6 Rc8 34. Bf3 Bxc5 35. Rxc6 Rxc6 36. Bxc6 Bxg4 37. Kh2 Kg7 38. Kg3 Be6 39. e4 Kf6 40. f4 h5 41. Kf3 Bg4+ 42. Kg3 Bd1 43. Bd5 Bb4 44. e5+ Ke7 45. Be4 Bg4 46. Bd5 Be6 47. Be4 Be1+ 48. Kf3 h4 49. Ke2 Bg3 50. Kf3 Bb3 51. Bc6 Bd1+ 52. Ke3 Bg4 53. Bd5 f6 54. exf6+ Kxf6 55. Be4 Bf5 56. Bd5 Bb1 57. Kf3 Kf5 58. Bb7 Bxf4 59. Bc8+ Kg5 60. Bd7 Bg3 61. Be8 Bf5 62. Bc6 Bg4+ 63. Ke3 Kf6 64. Bd5 g5 65. Bc6 Ke5 66. Bb7 Be6 67. Bf3 Bd5 68. Bg4 Bxg2 69. Ke2 h3 0-1